AoeStats
← Sanpie

Nomad

508860879Analyzed
3v3 RM · 9d ago on Sep 24, 2026· 78m 46s· 6 players
Game mode
Random Map
Map size
210×210
Population
200
Speed
Normal
Resources
Standard
Victory
Conquest
Starting age
Dark Age
Ending age
Imperial Age
RankedLock teamsTeams togetherTeam positionsShared explorationLock speedFull tech treeHidden civsTurbo modeCheats
Victory
Defeat
🇻🇳 Vietnamese · Vietnam
977
+17
🇨🇳 Magyars · China
899
+20
🇻🇳 Romans · Vietnam
888
+21
🇨🇳 Goths · China
1005
-20
🇨🇳 Franks · China
996
-19
🇨🇳 Gurjaras · China
995
-19
Peaky Blinders
4:17 Loom
16:16 Feudal Age
24:31 Castle Age
23:11 Double-Bit Axe
41:16 Horse Collar
42:00 Bow Saw
46:58 Fletching
50:14 Imperial Age
49:19 Wheelbarrow
48:30 Town Watch
49:09 Caravan
49:32 Arson
49:55 Thumb Ring
49:52 Squires
50:55 Bodkin Arrow
51:01 Padded Archer Armor
51:21 Elite Rattan Archer
52:52 Bracer
52:27 Pikeman
54:19 Leather Archer Armor
55:27 Chemistry
55:10 Ballistics
55:20 Halberdier
57:30 Hand Cart
57:16 Town Patrol
59:20 Ring Archer Armor
60:27 Two-Man Saw
59:43 Forging
59:35 Scale Mail Armor
60:19 Gold Mining
60:20 Stone Mining
66:02 Heavy Plow
69:15 Chain Mail Armor
69:36 Iron Casting
75:34 Crop Rotation
77:05 Paper Money
Katun
4:34 Loom
14:56 Feudal Age
15:32 Horse Collar
16:42 Double-Bit Axe
18:39 Forging
25:03 Castle Age
24:30 Stone Mining
24:30 Gold Mining
26:45 Iron Casting
27:13 Husbandry
27:24 Bloodlines
28:26 Scale Barding Armor
29:29 Heavy Plow
29:51 Squires
31:37 Squires
35:10 Wheelbarrow
34:20 Town Watch
38:08 Gold Shaft Mining
37:48 Bow Saw
41:11 Imperial Age
38:58 Hand Cart
39:32 Chain Barding Armor
43:00 Blast Furnace
42:35 Plate Barding Armor
42:26 Conscription
42:27 Town Patrol
42:28 Elite Centurion
43:25 Scale Mail Armor
45:15 Comitatenses
45:47 Siege Engineers
46:03 Ballistics
45:15 Man-at-Arms
46:50 Long Swordsman
47:51 Chain Mail Armor
47:32 Legionary
50:51 Caravan
少打游戏多学习
12:54 Loom
14:42 Feudal Age
15:13 Loom
17:13 Double-Bit Axe
17:43 Horse Collar
20:44 Castle Age
19:36 Fishing Lines
20:40 Scale Barding Armor
23:13 Bloodlines
25:50 Pikeman
27:35 Gold Mining
28:30 Wheelbarrow
27:41 Town Watch
28:24 Bow Saw
28:57 Fletching
30:00 Husbandry
30:44 Scale Mail Armor
31:09 Heavy Plow
32:27 Hand Cart
35:53 Imperial Age
34:21 Corvinian Army
35:05 Thumb Ring
35:23 Hand Cart
35:51 Chain Barding Armor
37:16 Plate Barding Armor
37:46 Conscription
38:23 Elite Magyar Huszar
40:47 Bodkin Arrow
41:08 Chain Mail Armor
41:52 Ballistics
41:39 Siege Engineers
43:11 Arson
45:08 Bracer
46:44 Parthian Tactics
47:42 Padded Archer Armor
50:06 Chemistry
58:15 Recurve Bow
58:58 Stone Mining
61:09 Halberdier
71:30 Heavy Cavalry Archer
79:25 Two-Man Saw
Sanpie
12:34 Feudal Age
12:00 Loom
16:16 Double-Bit Axe
22:41 Castle Age
22:00 Bloodlines
24:07 Forging
24:02 Scale Barding Armor
27:19 Bow Saw
28:24 Gold Mining
33:16 Chain Barding Armor
35:29 Imperial Age
34:09 Kshatriyas
35:35 Wheelbarrow
36:37 Iron Casting
37:01 Conscription
36:25 Heavy Camel Rider
39:38 Horse Collar
40:49 Hand Cart
43:48 Plate Barding Armor
43:17 Husbandry
45:03 Frontier Guards
49:53 Heavy Plow
50:19 Elite Shrivamsha Rider
58:14 Crop Rotation
57:47 Light Cavalry
59:14 Hussar
61:40 Hussar
63:27 Gold Shaft Mining
62:43 Stone Mining
这我不是乱杀
8:38 Loom
13:21 Feudal Age
20:44 Castle Age
19:26 Double-Bit Axe
20:04 Gold Mining
24:31 Wheelbarrow
28:42 Scale Barding Armor
33:52 Bow Saw
38:29 Forging
40:05 Iron Casting
40:04 Hand Cart
45:01 Imperial Age
43:10 Scale Mail Armor
46:11 Gold Shaft Mining
45:55 Chain Mail Armor
47:43 Chain Barding Armor
46:45 Cavalier
49:11 Blast Furnace
50:37 Stone Mining
51:35 Plate Barding Armor
51:23 Paladin
51:58 Elite Throwing Axeman
53:02 Conscription
55:21 Plate Mail Armor
55:54 Husbandry
压根不让我睡觉
13:21 Loom
17:28 Feudal Age
17:33 Man-at-Arms
20:34 Wheelbarrow
19:50 Fishing Lines
22:46 Scale Mail Armor
24:15 Double-Bit Axe
27:20 Forging
36:06 Castle Age
37:22 Hand Cart
36:30 Long Swordsman
36:37 Pikeman
37:22 Squires
37:39 Chain Mail Armor
38:19 Iron Casting
38:39 Bow Saw
50:48 Imperial Age
51:41 Careening
51:44 Clinker Construction
53:22 Halberdier
53:25 Two-Handed Swordsman
55:05 Champion
60:22 Blast Furnace
61:22 Conscription
68:35 Gillnets
74:07 Perfusion
Connection lost

Rejoining the realm…

Still unreachable

The connection could not be restored.

Session expired

The server has moved on; the page needs a fresh start.